 Dungeon Crawl Stone Soup version 0.31.0-32-g396128a36d (webtiles) character file.

Game seed: 6860362425706715341

2221 monsoonserge the Ruffian (level 9, -6/68 HPs)
             Began as a Gnoll Shapeshifter on Mar 26, 2024.
             Was an Initiate of Ru.
             Mangled by a gnoll sergeant
             ... wielding a +3 spear of venom
              (9 damage)
             ... on level 5 of the Dungeon.
             The game lasted 00:13:57 (4339 turns).

monsoonserge the Ruffian (Gnoll Shapeshifter)       Turns: 4339, Time: 00:13:58

Health: -6/68      AC:  9    Str: 24    XL:     9   Next: 35%
Magic:  15/15      EV: 15    Int: 10    God:    Ru [......]
Gold:   294        SH:  0    Dex:  9    Spells: 16/16 levels left

rFire   . .          .
                       - Unarmed
rCold   . . .        (no shield)
rNeg    . . .        v - +0 chain mail
rPois   .            (helmet currently unavailable)
rElec   .            H - melded +1 cloak {Will+}
rCorr   .            (gloves currently unavailable)
SInv    .            (boots currently unavailable)
Will    .....        (no amulet) Stlth
                     h - +5 ring of evasion
HPRegen 0.31/turn    t - +6 ring of strength
MPRegen 0.14/turn

%: no passive effects
@: beast-form
A: beast (slay +4), fangs 1, clumsy 1, strong nose, distributed training
a: Begin Untransformation, Renounce Religion


You were on level 5 of the Dungeon.
You worshipped Ru.
Ru was noncommittal.
You were a hulking beast.
You visited 1 branch of the dungeon, and saw 5 of its levels.
You also visited: Sewer.

You collected 294 gold pieces.

Inventory:

Missiles
 f - 18 poisoned darts (quivered)
 E - 5 boomerangs
Armour
 a - a +0 animal skin
 i - a +0 leather armour
 l - a +0 ring mail
 v - a +0 chain mail (worn)
 C - a +0 scale mail
 H - a +1 cloak of willpower (melded)
Magical Staves
 w - a staff of earth
 y - a staff of alchemy
Jewellery
 h - a +5 ring of evasion (left hand)
 r - a +5 ring of evasion
 t - a +6 ring of strength (right hand)
 x - a ring of ice
Talismans
 c - a beast talisman (active)
 d - a flux talisman
Wands
 z - a wand of flame (13)
 B - a wand of charming (8)
Scrolls
 g - a scroll of silence {unknown}
 o - a scroll of noise {unknown}
 p - a scroll of brand weapon {unknown}
 s - 2 scrolls of identify {unknown}
 u - 4 scrolls of teleportation {unknown}
 A - a scroll of blinking
 D - a scroll of immolation {unknown}
 F - a scroll of enchant weapon {unknown}
Potions
 b - a potion of lignification
 e - 3 potions of mutation {unknown}
 j - a potion of cancellation {unknown}
 k - a potion of enlightenment {unknown}
 m - a potion of degeneration {unknown}
 n - 3 potions of curing
 q - a potion of might {unknown}


   Skills:
 + Level 5.1 Fighting
 + Level 4.3 Short Blades
 + Level 4.3 Long Blades
 + Level 4.3 Axes
 + Level 4.3 Maces & Flails
 + Level 4.3 Polearms
 + Level 4.3 Staves
 + Level 4.3 Ranged Weapons
 + Level 4.3 Throwing
 + Level 4.3 Armour
 + Level 6.3 Dodging
 + Level 4.3 Stealth
 + Level 4.3 Shields
 + Level 7.9 Unarmed Combat
 + Level 4.3 Spellcasting
 + Level 3.5 Conjurations
 + Level 3.5 Hexes
 + Level 3.5 Summonings
 + Level 3.5 Necromancy
 + Level 3.5 Translocations
 + Level 3.5 Fire Magic
 + Level 3.5 Ice Magic
 + Level 3.5 Air Magic
 + Level 3.5 Earth Magic
 + Level 3.5 Alchemy
 + Level 4.7 Invocations
 + Level 4.3 Evocations
 + Level 7.7 Shapeshifting


You had 16 spell levels left.
You didn't know any spells.
Your spell library contained the following spells:

 Spells                   Type           Power      Damage    Failure   Level
 Magic Dart               Conj           36%        1d4       30%         1
 Slow                     Hex            36%        N/A       30%         1
 Searing Ray              Conj           18%        2d5       43%         2
 Confusing Touch          Hex            9%         N/A       67%         3
 Sigil of Binding         Hex            9%         N/A       67%         3
 Vampiric Draining        Necr           9%         2d6       67%         3
 Fulminant Prism          Conj/Alch      4%         3d5       97%         4


Dungeon Overview and Level Annotations

Branches:
Dungeon (5/15)              Sewer (visited)
 Temple: D:4-7

Altars:
Ashenzari
Cheibriados
Elyvilon
Okawaru
Ru
Vehumet
Yredelemnul
Zin
The Shining One


Innate Abilities, Weirdness & Mutations

You are a hulking beast.
Your limbs bulge with bestial killing power. (Slay +4)
You have very sharp teeth.
You are clumsy. (Dex -2)
Your uncanny sense of smell can sniff out nearby items.
Your experience applies equally to all skills.


Message History

The troll is almost dead.
You feel sick. The troll completely misses you. The troll claws you. x2
The gnoll sergeant hits you but does no damage.
You completely miss the troll.
The troll is almost dead.
You feel sick. The troll barely misses you. The troll claws you!
* * * LOW HITPOINT WARNING * * *
The troll barely misses you. The gnoll sergeant barely misses you.
You punch the troll!
You kill the troll!
The troll leather armour is intact enough to wear.
You feel sick. The gnoll sergeant closely misses you.
You are mildly poisoned (16 -> 11).
You are a hulking beast.
Your movement speed is average.
Your attack delay is about 0.8.
Your damage rating with unarmed combat is about 18 (Base [3 + 7 (UC)] x 135% (Str) x 108% (Fight) + 4 (Slay)).
Your base attributes are Str 18, Int 10, Dex 9.
Okay, then.
Unknown command.
You feel sick.
The gnoll sergeant hits you but does no damage.
You are more poisoned.
There is an open door, spattered with blood here.
Things that are here:
a +0 troll leather armour; a troll corpse The gnoll sergeant blocks your attack.
* * * LOW HITPOINT WARNING * * *
You feel very sick.
The gnoll sergeant hits you with a +3 spear of venom.
* * * LOW HITPOINT WARNING * * *
You are more poisoned.
It was a potion of curing.
You feel better. The gnoll sergeant closely misses you.
You hit the gnoll sergeant.
The gnoll sergeant is moderately wounded.
The gnoll sergeant hits you with a +3 spear of venom!
* * * LOW HITPOINT WARNING * * *
You hit the gnoll sergeant.
The gnoll sergeant is moderately wounded.
The gnoll sergeant hits you with a +3 spear of venom!
You die...

....#.....#....[)# #.#
....#.....#......###########.####
##################...............
...................##############
...................#
####################
....#.....#......#
....#.....#......#
.#..#..#..#..###h#
.#..#..#†.#..#?$g#
.#.....#.....#.:.#
.#.....#.....#):(#
##################


You could see a gnoll sergeant.

Vanquished Creatures
  A troll (D:5)
  Menkaure (D:5)
  A water moccasin (D:5)
  3 ogres
  2 phantoms (D:4)
  Blork the orc (D:5)
  A weeping skull (D:4)
  2 bullfrogs (Sewer)
  6 scorpions
  5 bombardier beetles
  Crazy Yiuf (D:5)
  3 hounds (D:5)
  An orc priest (D:4)
  A sleepcap (D:5)
  3 orc wizards
  2 iguanas (D:5)
  2 gnolls
  8 adders
  A river rat (D:4)
  2 shadow imps (D:5)
  11 dart slugs
  6 ribbon worms
  21 orcs
  16 endoplasms
  7 giant cockroaches
  6 goblins
  9 hobgoblins
  2 jackals (D:1)
  7 quokkas
  12 ball pythons
  5 bats
  12 frilled lizards
  7 kobolds
  9 rats
  A spectral orc (D:4)
178 creatures vanquished.

Vanquished Creatures (others)
  An orc wizard (D:4)
  A gnoll (D:4)
2 creatures vanquished.

Grand Total: 180 creatures vanquished

Notes
Turn   | Place    | Note
-------+----------+-------------------------------------------
     0 | D:1      | monsoonserge the Gnoll Shapeshifter began the quest for the
                  | Orb.
     0 | D:1      | Reached XP level 1. HP: 17/17 MP: 1/1
    52 | D:1      | Reached XP level 2. HP: 23/23 MP: 2/2
   376 | D:1      | Reached XP level 3. HP: 28/28 MP: 3/3
   771 | D:2      | Reached skill level 1 in Invocations
  1126 | D:2      | Reached skill level 1 in Short Blades
  1126 | D:2      | Reached skill level 1 in Long Blades
  1126 | D:2      | Reached skill level 1 in Axes
  1126 | D:2      | Reached skill level 1 in Maces & Flails
  1126 | D:2      | Reached skill level 1 in Polearms
  1126 | D:2      | Reached skill level 1 in Staves
  1126 | D:2      | Reached skill level 1 in Ranged Weapons
  1126 | D:2      | Reached skill level 1 in Throwing
  1126 | D:2      | Reached skill level 1 in Armour
  1126 | D:2      | Reached skill level 1 in Stealth
  1126 | D:2      | Reached skill level 1 in Shields
  1126 | D:2      | Reached skill level 1 in Spellcasting
  1126 | D:2      | Reached skill level 1 in Evocations
  1207 | D:3      | Found a snail-covered altar of Cheibriados.
  1250 | D:3      | Reached skill level 1 in Conjurations
  1250 | D:3      | Reached skill level 1 in Hexes
  1250 | D:3      | Reached skill level 1 in Summonings
  1250 | D:3      | Reached skill level 1 in Necromancy
  1250 | D:3      | Reached skill level 1 in Translocations
  1250 | D:3      | Reached skill level 1 in Fire Magic
  1250 | D:3      | Reached skill level 1 in Ice Magic
  1250 | D:3      | Reached skill level 1 in Air Magic
  1250 | D:3      | Reached skill level 1 in Earth Magic
  1250 | D:3      | Reached skill level 1 in Alchemy
  1250 | D:3      | Reached XP level 4. HP: 24/34 MP: 5/5
  1483 | D:3      | Found a broken altar of Ashenzari.
  1509 | D:3      | Found an iron altar of Okawaru.
  1598 | D:3      | Reached XP level 5. HP: 38/40 MP: 7/7
  1623 | D:3      | Found a sacrificial altar of Ru.
  1631 | D:3      | Became a worshipper of Ru the Awakened
  1789 | D:3      | Found a faded altar of an unknown god.
  2200 | D:4      | Noticed a phantom
  2203 | D:4      | Reached XP level 6. HP: 39/47 MP: 8/8
  2228 | D:4      | Reached skill level 5 in Dodging
  2265 | D:4      | Found a glowing drain.
  2277 | Sewer    | Entered a sewer
  2516 | Sewer    | Reached XP level 7. HP: 42/52 MP: 10/10
  2909 | D:3      | Reached XP level 8. HP: 57/60 MP: 12/12
  2909 | D:3      | Gained mutation: You are clumsy. (Dex -2) [Ru sacrifice]
  3117 | D:4      | Found a radiant altar of Vehumet.
  3211 | D:4      | Found a basalt altar of Yredelemnul.
  3297 | D:5      | Entered Level 5 of the Dungeon
  3319 | D:5      | Noticed Menkaure
  3325 | D:5      | Killed Menkaure
  3709 | D:5      | Noticed Blork the orc
  3723 | D:5      | Killed Blork the orc
  3896 | D:5      | Found a runed translucent door.
  3897 | D:5      | Noticed Crazy Yiuf
  3903 | D:5      | Killed Crazy Yiuf
  3908 | D:5      | Identified the +5 hammer "Widowmaker" {freeze, ^Fragile rF-
                  | Int+8 Stlth+}
  3964 | D:5      | Found a white marble altar of Elyvilon.
  3965 | D:5      | Found a glowing silver altar of Zin.
  3967 | D:5      | Found a glowing golden altar of the Shining One.
  4037 | D:5      | Reached XP level 9. HP: 66/66 MP: 14/14
  4293 | D:5      | Reached skill level 5 in Fighting
  4323 | D:5      | Noticed a troll
  4334 | D:5      | Killed a troll
  4338 | D:5      | HP: 3/68 [gnoll sergeant/+3 spear of venom (14)]
  4339 | D:5      | Mangled by a gnoll sergeant

Illustrated notes

Levels and vault maps discovered:
D:1:      nzn_arrival_crosshair, layout_basic
D:2:      layout_basic
D:3:      layout_loops_ring, slow_altar_2, lemuel_round_altar,
          nicolae_overflow_squiral, ebering_ecumenical_altar_sacrificial
D:4:      layout_basic, lemuel_coloured_pillars_altar,
          yredelemnul_forgotten_temple_becter, gup_sewer_entry_bubbles,
          kennysheep_generic_room_12
D:5:      kennysheep_windowed_halls, layout_basic, good_gods_temple_1,
          uniq_menkaure, uniq_blork_the_orc, uniq_crazy_yiuf_cottage

Skill      XL: |  1  2  3  4  5  6  7  8  9 |
---------------+----------------------------+-----
Invocations    | 1 2 3 4 |  4.7
Short Blades   | 1 2 3 4 |  4.3
Long Blades    | 1 2 3 4 |  4.3
Axes           | 1 2 3 4 |  4.3
Maces & Flails | 1 2 3 4 |  4.3
Polearms       | 1 2 3 4 |  4.3
Staves         | 1 2 3 4 |  4.3
Ranged Weapons | 1 2 3 4 |  4.3
Throwing       | 1 2 3 4 |  4.3
Armour         | 1 2 3 4 |  4.3
Stealth        | 1 2 3 4 |  4.3
Shields        | 1 2 3 4 |  4.3
Spellcasting   | 1 2 3 4 |  4.3
Evocations     | 1 2 3 4 |  4.3
Conjurations   | 1 2 3 |  3.5
Hexes          | 1 2 3 |  3.5
Summonings     | 1 2 3 |  3.5
Necromancy     | 1 2 3 |  3.5
Translocations | 1 2 3 |  3.5
Fire Magic     | 1 2 3 |  3.5
Ice Magic      | 1 2 3 |  3.5
Air Magic      | 1 2 3 |  3.5
Earth Magic    | 1 2 3 |  3.5
Alchemy        | 1 2 3 |  3.5
Fighting       | 3 4 5 |  5.1
Dodging        | 5 6 |  6.3
Unarmed Combat | 7 |  7.9
Shapeshifting  | 7 |  7.7

Action                     |  1- 3 |  4- 6 |  7- 9 || total
---------------------------+-------+-------+-------++-------
  Melee: Unarmed           |    73 |   180 |   197 ||   450
         Bite              |     4 |    11 |    23 ||    38
         Punch             |     2 |     8 |    10 ||    20
  Throw: Boomerang         |       |       |     3 ||     3
         Dart              |       |       |     1 ||     1
 Invoke: Sacrifice Purity  |       |       |     1 ||     1
    Use: Potion            |       |       |     1 ||     1
   Stab: Sleeping          |     1 |       |       ||     1
 Armour: Animal skin       |     3 |       |       ||     3
         Leather armour    |     2 |       |       ||     2
         Ring mail         |    19 |     4 |       ||    23
         Chain mail        |       |    58 |    74 ||   132
  Dodge: Dodged            |    42 |   107 |   137 ||   286
   Form: Beast             |       |       |     1 ||     1
         Flux              |       |       |     1 ||     1
